 Dungeon Crawl Stone Soup version 0.19.0-11-g3fc08b3 (webtiles) character file.

184 KarmaPolice the Bolt Thrower (level 5, 0/36 HPs)
             Began as a Halfling Hunter on Nov 9, 2016.
             Slain by a gnoll
             ... wielding a +0 spear
              (2 damage)
             ... on level 3 of the Dungeon.
             The game lasted 00:06:00 (3998 turns).

KarmaPolice the Bolt Thrower (Halfling Hunter)      Turns: 3998, Time: 00:06:00

Health: 0/36       AC:  4    Str: 13    XL:     5   Next: 95%
Magic:  5/5        EV: 15    Int:  9    God:
Gold:   141        SH:  0    Dex: 16    Spells: 0 memorised, 4 levels left

rFire  . . .     SeeInvis .     a - +1 hand crossbow
rCold  . . .     Gourm    .     c - +0 leather armour
rNeg   . . .     Faith    .     (shield restricted)
rPois  .         Spirit   .     (no helmet)
rElec  .         Reflect  .     (no cloak)
rCorr  .         Harm     .     i - +0 pair of gloves (curse)
MR     .....                    (no boots)
Stlth  ++........               (no amulet)
                                (no ring)
                                (no ring)

@: no status effects
A: mutation resistance 1
a: no special abilities


You were on level 3 of the Dungeon.
You were not hungry.

You visited 1 branch of the dungeon, and saw 3 of its levels.

You collected 141 gold pieces.

Inventory:

Hand Weapons
 a - a +1 hand crossbow (weapon)
 b - a +0 short sword
Missiles
 d - a bolt (quivered)
Armour
 c - a +0 leather armour (worn)
 i - a cursed +0 pair of gloves (worn)
Jewellery
 m - an uncursed ring of protection from cold {unknown}
Scrolls
 e - 5 scrolls of identify {unknown}
 g - a scroll of enchant weapon {unknown}
 h - 3 scrolls of teleportation {unknown}
 l - a scroll of enchant armour {unknown}
 q - a scroll of remove curse {unknown}
Potions
 k - 3 potions of haste {unknown}
 n - 2 potions of mutation {unknown}
 o - a potion of heal wounds {unknown}
Comestibles
 f - 4 bread rations
 j - 2 beef jerkies
 p - a meat ration


   Skills:
 + Level 3.0 Fighting
 + Level 2.6 Short Blades
 + Level 5.5 Crossbows
 + Level 3.3 Dodging
 - Level 1.1 Stealth


You had 4 spell levels left.
You didn't know any spells.

Dungeon Overview and Level Annotations

Branches:
Dungeon (3/15)

Altars:


Innate Abilities, Weirdness & Mutations

You are small and have problems with some larger weapons.
You are somewhat resistant to further mutation.


Message History

Firing (i - inventory):
d - 2 bolts (quivered)
Press: ? - help, Shift-Dir - straight line, f/p - adder
Aim: an adder You shoot a bolt.
The bolt hits the adder but does no damage.
The adder bites you.
* * * LOW HITPOINT WARNING * * *
The adder closely misses you.
The gnoll hits you from afar with a spear.
* * * LOW HITPOINT WARNING * * *
The gnoll hits you from afar with a halberd.
* * * LOW HITPOINT WARNING * * *
The adder barely misses you.
The gnoll hits you from afar with a spear.
* * * LOW HITPOINT WARNING * * *
The gnoll closely misses you.
You see here 3 bolts.
The adder completely misses you.
The gnoll hits you from afar with a spear.
You die...

####...###.........####.##.......
####...# #.........# #.##.......
...#######.#####...####.##.......
.........)>.........)....#.......
...#######.############..........
...# #...........(...............
#### #...........................
#.........S..........[......
#.........(@....(...........
#.........)g................
#..........g................
#...........................
#...........................
#...........................
####..............(............
#..................(...........
#...................(..........


You could see 2 gnolls and an adder.

Vanquished Creatures
  3 gnolls
  7 adders
  An ooze (D:1)
  2 worms
  3 leopard geckos
  An orc (D:3)
  2 ball pythons (D:1)
  6 giant cockroaches
  12 goblins
  10 hobgoblins
  3 jackals
  5 kobolds
  2 quokkas
  9 bats
  3 frilled lizards
  11 rats
80 creatures vanquished.

Notes
Turn   | Place    | Note
-------+----------+-------------------------------------------
     0 | D:1      | KarmaPolice the Halfling Hunter began the quest for the Orb.
     0 | D:1      | Reached XP level 1. HP: 14/14 MP: 1/1
    80 | D:1      | Reached XP level 2. HP: 16/19 MP: 2/2
   238 | D:1      | Reached skill level 1 in Short Blades
   359 | D:1      | Reached XP level 3. HP: 22/24 MP: 3/3
  1241 | D:2      | Reached skill level 5 in Crossbows
  1255 | D:2      | Reached XP level 4. HP: 20/29 MP: 4/4
  2517 | D:3      | Reached XP level 5. HP: 27/35 MP: 5/5
  3998 | D:3      | Slain by a gnoll

Skill      XL: |  1  2  3  4  5 |
---------------+----------------+-----
Fighting       | 2 3 |  3.0
Short Blades   | 1 2 |  2.6
Crossbows      | 5 |  5.5
Dodging        | 3 |  3.3
Stealth        | |  1.1

Action                   |  1- 3 |  4- 6 || total
-------------------------+-------+-------++-------
Melee: Short sword       |    87 |   256 ||   343
 Fire: Hand crossbow     |     9 |    18 ||    27
 Stab: Sleeping          |     3 |       ||     3
       Distracted        |       |     1 ||     1
  Eat: Chunk             |     1 |     9 ||    10
Armor: Leather armour    |    20 |    59 ||    79
Dodge: Dodged            |    70 |   221 ||   291
